 Dungeon Crawl Stone Soup version 0.25.0-46-gbd7b0854d2 (webtiles) character file.

Game seed: 11786018517966298288

18 cronos the Bolt Thrower (level 2, 18/18 HPs)
             Began as a Kobold Hunter on July 12, 2020.
             Quit the game on level 1 of the Dungeon.
             The game lasted 00:03:24 (580 turns).

cronos the Bolt Thrower (Kobold Hunter)              Turns: 580, Time: 00:03:24

Health: 18/18      AC:  3    Str:  9    XL:     2   Next: 85%
Magic:  2/2        EV: 15    Int: 12    God:
Gold:   12         SH:  0    Dex: 15    Spells: 1/1 levels left

rFire    . . .     SeeInvis .   a - +1 hand crossbow
rCold    . . .     Gourm    .   (shield restricted)
rNeg     . . .     Faith    .   c - +0 leather armour
rPois    .         Spirit   .   (no helmet)
rElec    .         Reflect  .   (no cloak)
rCorr    .         Harm     .   (no gloves)
MR       .....                  (no boots)
Stlth    ++........             (no amulet)
HPRegen  0.06/turn              (no ring)
MPRegen  0.08/turn              (no ring)

@: no status effects
A: small, carnivore
a: no special abilities


You were on level 1 of the Dungeon.
You were completely stuffed.

You visited 1 branch of the dungeon, and saw 1 of its levels.

You collected 12 gold pieces.

Inventory:

Hand Weapons
 a - a +1 hand crossbow (weapon)
 b - a +0 short sword
Missiles
 d - 17 bolts (quivered)
Armour
 c - a +0 leather armour (worn)
Scrolls
 i - a scroll of immolation {unknown}
Potions
 e - 3 potions of curing {unknown}
 g - a potion of invisibility {unknown}
Comestibles
 f - 4 rations
 h - a chunk of flesh


   Skills:
 + Level 2.4 Fighting
 * Level 5.2 Crossbows
 + Level 2.7 Dodging
 + Level 2.0 Stealth


You had one spell level left.
You didn't know any spells.
Your spell library was empty.

Dungeon Overview and Level Annotations

Branches:
Dungeon (1/15)

Altars:

Annotations:
D:1 1 runed translucent door


Innate Abilities, Weirdness & Mutations

You are small and have problems with some larger weapons.
You are carnivorous and can eat meat at any time.


Message History

A hobgoblin comes into view.
A hobgoblin is nearby!
Firing (i - inventory)
d - 17 bolts (quivered)
Press: ? - help, Shift-Dir - straight line, f - hobgoblin
Aim: a hobgoblin (asleep)
You shoot a bolt. The bolt hits the hobgoblin!
You kill the hobgoblin!
You now have 12 gold pieces (gained 11).
d - 17 bolts (gained 1) Some of the chunks of flesh in your inventory have rotted away.
You open the door.
There is an open door here.
Partly explored, can't reach some items.
Search for what [? for help]?
Okay, then.
Search for what [? for help]? .
Unknown command.
Unknown command.
Unknown command.
Are you sure you want to abandon this character and quit the game? (Confirm with "yes".)

###############
############.....##......##
#.....#..........#........#######
.................................
................................#
................###+#######'###.#
................#..⌠...>...⌠..#.#
.[..............#......<......#.#
.[..............@⌠....###.)..⌠+.#
.............#..#.............#.#
#.....#.....###.#######+#######.#
##.....###### #.#...J..ssshrJ.#.#
#...)...## #.#J.$rh..sJ.r..#.#
.........# #.#..hsr...r....#..
.........# #.###############..
.........# #.................#
.........# ##..........(######


You could see 2 oozes, 2 jackals, 2 giant cockroaches and 2 rats.

Vanquished Creatures
  A leopard gecko (D:1)
  3 goblins (D:1)
  2 hobgoblins (D:1)
  A ball python (D:1)
  3 bats (D:1)
  A frilled lizard (D:1)
  4 kobolds (D:1)
  2 rats (D:1)
17 creatures vanquished.

Notes
Turn   | Place    | Note
-------+----------+-------------------------------------------
     0 | D:1      | cronos the Kobold Hunter began the quest for the Orb.
     0 | D:1      | Reached XP level 1. HP: 12/12 MP: 1/1
     1 | D:1      | Found a runed translucent door.
   231 | D:1      | Reached skill level 5 in Crossbows
   232 | D:1      | Reached XP level 2. HP: 18/18 MP: 2/2
   580 | D:1      | Quit the game

Illustrated notes

Levels and vault maps discovered:
D:1:      dpeg_arrival_caged_fury, layout_rooms

Skill      XL: |  1  2 |
---------------+-------+-----
Crossbows      | 5 |  5.2
Stealth        | 2 |  2.0
Fighting       | |  2.4
Dodging        | |  2.7

Action                   || total
-------------------------++-------
Melee: Hand crossbow     ||     1
 Fire: Hand crossbow     ||    37
  Eat: Chunk             ||     7
Armor: Leather armour    ||     4
Dodge: Dodged            ||    15
